 Dungeon Crawl Stone Soup version 0.14-a0-1707-g75daffb (webtiles) character file.

227 HollowCharge the Poker (level 4, 0/34 HPs)
             Began as a Djinni Gladiator on Dec 31, 2013.
             Succumbed to a kobold's curare-tipped needle
             ... on Level 4 of the Dungeon.
             The game lasted 00:15:18 (2322 turns).

HollowCharge the Poker (Djinni Gladiator)           Turns: 2322, Time: 00:15:18

HP   0/34        AC  6     Str 19      XL: 4   Next: 62%
MP   0/0         EV 12     Int 12      God:
Gold 116         SH  0     Dex 14      Spells:  0 memorised,  3 levels left

rFire  + + +     SeeInvis .     a - +0,+1 trident
rCold  x . .     Clarity  .     m - +1 orc leather armour
rNeg   + + +     Conserve .     (no shield)
rPois  .         rCorr    .     c - +0 helmet
rElec  .         rRot     .     (no cloak)
SustAb . .       Spirit   .     f - +0 pair of elf gloves
rMut   .         Warding  +     (boots unavailable)
Saprov . . .     Stasis   .     i - amulet of warding
                                j - +4 ring of intelligence
                                b - +3 ring of strength

@: short of breath, about to teleport, flying, quite poisoned, slowed, very
slow, slightly resistant to hostile enchantments, unstealthy
A: fire immunity, cold vulnerability, life protection 3
a: no special abilities


You were on level 4 of the Dungeon.
You were not hungry.

You visited 1 branch of the dungeon, and saw 4 of its levels.

You collected 116 gold pieces.

Inventory:

Hand weapons
 a - a +0,+1 trident (weapon)
Missiles
 d - 3 throwing nets (quivered)
Armour
 c - a +0 helmet (worn)
 f - a +0 pair of elven gloves (worn)
 m - a +1 orcish leather armour (worn)
Scrolls
 g - 2 scrolls of teleportation
 k - a scroll of noise {unknown}
 l - a scroll of curse weapon {unknown}
 o - 2 scrolls of enchant weapon I {unknown}
Jewellery
 b - a +3 ring of strength (left hand)
 e - an uncursed ring of fire
 i - an amulet of warding (around neck)
 j - a +4 ring of intelligence (right hand)
Potions
 h - a potion of might {unknown}
 n - 6 potions of curing {unknown}
 p - a potion of magic {unknown}


   Skills:
 * Level 2.6 Fighting
 * Level 4.1 Polearms
 - Level 1.7 Throwing
 + Level 1.5 Armour
 * Level 3.3 Dodging


You had 3 spell levels left.
You didn't know any spells.

Dungeon Overview and Level Annotations

Branches:
Dungeon (4/16)             Temple (0/1) D:4

Altars:


Innate Abilities, Weirdness & Mutations

You are immune to all types of fire, even holy and hellish.
You are vulnerable to cold.
You need no food.
You have no legs.
You are immune to negative energy.


Message History

You are more poisoned.
You have difficulty breathing.
You feel as though you will be slow longer.
You see here a curare-tipped needle.
You feel sick.
The kobold shoots a curare-tipped needle.
The curare-tipped needle hits you!
You are more poisoned.
You have difficulty breathing.
* * * LOW HITPOINT WARNING * * *
You feel as though you will be slow longer.
You see here a curare-tipped needle.
As you read the scroll of teleportation, it crumbles to dust.
You feel strangely unstable.
* * * LOW HITPOINT WARNING * * *
You feel very sick.
* * * LOW HITPOINT WARNING * * *
You feel very sick.
You feel a little better.
You die...

...#..%.# #.........
#####%>.#####..K.......
####...#..(........
##..(.###((........
#......#..O........
##..#.#...(........
#...##....(...#....
##.#.##......###..
#.####......@.#......
##.###................
####..................
#..................
###......#........
#.........#.....#
#.#.#.....#.#...#
#####..#.#(#...###
##..##(%#.#<<#


You could see an ogre and a kobold.

Vanquished Creatures
  3 adders
  3 giant geckos
  8 orcs
  5 bats
  5 giant cockroaches
  9 goblins
  7 hobgoblins
  9 kobolds
  3 quokkas (D:2)
  2 ball pythons
  4 giant newts
  5 jackals
  3 rats
66 creatures vanquished.

Notes
Turn   | Place    | Note
--------------------------------------------------------------
     0 | D:1      | HollowCharge, the Djinni Gladiator, began the quest for the Orb.
     0 | D:1      | Reached XP level 1. HP: 15/15 MP: 0/0
   233 | D:1      | Reached XP level 2. EP: 19/21
   853 | D:2      | Reached skill level 1 in Armour
   858 | D:2      | Reached XP level 3. EP: 26/28
  1651 | D:3      | Reached XP level 4. EP: 29/34
  1891 | D:3      | Reached skill level 4 in Polearms
  2298 | D:4      | Found a staircase to the Ecumenical Temple.
  2315 | D:4      | Noticed an ogre
  2321 | D:4      | HP: 1/34 [poisoned by a kobold (curare-tipped needle)]
  2322 | D:4      | Succumbed to a kobold's curare-tipped needle

Action                   |  1- 3 |  4- 6 || total
-------------------------+-------+-------++-------
Melee: Trident           |   169 |    78 ||   247
  Use: Scroll            |     8 |     1 ||     9
